 Dungeon Crawl Stone Soup version 0.21-a0-404-g291f19a (webtiles) character file.

19 TheBloodborn the Ruffian (level 2, -7/29 HPs)
             Began as a Troll Monk on Oct 29, 2017.
             Mangled by Robin
             ... wielding a +1 vampiric spear
              (8 damage)
             ... on level 1 of the Dungeon.
             The game lasted 00:06:10 (575 turns).

TheBloodborn the Ruffian (Troll Monk)                Turns: 575, Time: 00:06:11

Health: -7/29      AC:  5    Str: 18    XL:     2   Next: 55%
Magic:  1/1        EV: 10    Int:  6    God:
Gold:   40         SH:  0    Dex: 12    Spells: 1/1 levels left

rFire    . . .     SeeInvis .     - Unarmed
rCold    . . .     Gourm    +   (no shield)
rNeg     . . .     Faith    .   a - +0 robe
rPois    .         Spirit   .   (helmet restricted)
rElec    .         Reflect  .   (no cloak)
rCorr    .         Harm     .   (gloves unavailable)
MR       .....                  (boots unavailable)
Stlth    ++........             (no amulet)
HPRegen  0.49/turn              (no ring)
MPRegen  0.07/turn              (no ring)

@: no status effects
A: unfitting armour, claws 3, fast metabolism 3, gourmand, regeneration 1,
shaggy fur 1, tough skin 2
a: no special abilities


You were on level 1 of the Dungeon.
You were very full.

You visited 1 branch of the dungeon, and saw 2 of its levels.

You collected 40 gold pieces.

Inventory:

Armour
 a - a +0 robe (worn)
Scrolls
 c - a scroll of identify {unknown}
 d - a scroll of magic mapping
Comestibles
 b - 2 bread rations


   Skills:
 + Level 2.7 Fighting
 - Level 2.4 Dodging
 - Level 1.0 Stealth
 * Level 3.6 Unarmed Combat


You had one spell level left.
You didn't know any spells.

Dungeon Overview and Level Annotations

Branches:
Dungeon (2/15)

Altars:

Annotations:
D:1 Robin
D:2 Jessica


Innate Abilities, Weirdness & Mutations

You are too large for most types of armour.
You have claws for hands.
Your metabolism is lightning-fast.
You like to eat raw meat.
Your natural rate of healing is unusually fast.
You are covered in fur. (AC +1)
You have very tough skin. (AC +2)


Message History

Robin is heavily wounded.
Robin hits you but does no damage. The orc hits you but does no damage.
The goblin barely misses you.
You claw Robin!
Robin is almost dead.
The orc priest calls down the wrath of Beogh upon you.
Beogh smites you!
* * * LOW HITPOINT WARNING * * *
Robin barely misses you. The orc barely misses you.
The goblin hits you but does no damage.
Unknown command.
As you read the scroll labeled HEDWODYUWN, it crumbles to dust.
You feel aware of your surroundings.
It was a scroll of magic mapping.
The orc hits you with a hand axe.
* * * LOW HITPOINT WARNING * * *
The goblin hits you but does no damage.
You scratch Robin but do no damage.
Robin is almost dead.
Robin hits you with a vampiric spear!
You die...

##.......# ##.#
##........# ##..#
##.........####...####
.'.........+.........#
##.........####....#.#
##.......##
##.#.#.#### ##.....##
#o...#....# ##...##
#o#######.# ##+##
#g@gg#....# #.#
####g#.#### ## #.#
#.#.# .# ##.## #...#
.# ##...## ##.## .#
#.....#### #.#
.####...###.## #.#
.............######.#
.##########.........#


You could see Robin, an orc priest, an orc, a hobgoblin and 2 goblins.

Vanquished Creatures
  An ooze (D:1)
  3 bats (D:1)
  2 goblins (D:1)
  3 hobgoblins (D:1)
  A jackal (D:1)
  2 kobolds (D:1)
  A rat (D:1)
13 creatures vanquished.

Notes
Turn   | Place    | Note
-------+----------+-------------------------------------------
     0 | D:1      | TheBloodborn the Troll Monk began the quest for the Orb.
     0 | D:1      | Reached XP level 1. HP: 22/22 MP: 0/0
   109 | D:1      | Reached XP level 2. HP: 29/29 MP: 1/1
   567 | D:2      | Noticed Robin
   567 | D:2      | Noticed Jessica
   574 | D:1      | HP: 1/29 [orc/hand axe (3)]
   575 | D:1      | Mangled by Robin

Vault maps used:
D:1:      minmay_arrival_three_doors, wad_floor_pattern_untrapped,
          minmay_tromino_i2
D:2:      minmay_lizard_king, uniq_sigmund, uniq_crazy_yiuf_cottage, uniq_robin,
          uniq_jessica

Action                   || total
-------------------------++-------
Melee: Unarmed           ||    36
       Punch             ||     1
  Use: Scroll            ||     1
 Stab: Sleeping          ||     3
  Eat: Chunk             ||    10
Armor: Robe              ||    25
Dodge: Dodged            ||    27

Table legend:
 A = Spawn XP
 B = Non-spawn XP
 C = Spawn XP percentage of total XP
 D = Spawn monster count
 E = Non-spawn monster count
 F = Spawn count percentage of total count
 G = Total turns spent on level
                    A         B        C        D         E        F      G
               +---------+---------+-------+---------+---------+-------+---------
         Total |       0 |      28 |   0.0 |       0 |      13 |   0.0 |   575
               +---------+---------+-------+---------+---------+-------+---------
           D:1 |       0 |      28 |   0.0 |       0 |      13 |   0.0 |   567
               +---------+---------+-------+---------+---------+-------+---------
